 Dungeon Crawl Stone Soup version 0.28.0 (webtiles) character file.

Game seed: 12496654392747992857

1733 Hasart the Chopper (level 8, -1/67 HPs)
             Began as a Demigod Fighter on Feb 16, 2022.
             Slain by a troll (10 damage)
             ... on level 7 of the Dungeon.
             The game lasted 00:09:35 (6911 turns).

Hasart the Chopper (Demigod Fighter)                Turns: 6911, Time: 00:09:38

Health: -1/67      AC:  8    Str: 25    XL:     8   Next: 47%
Magic:  10/10      EV: 12    Int: 10    God:
Gold:   273        SH:  5    Dex: 13    Spells: 7/7 levels left

rFire   . . .      SeeInvis .   a - +1 war axe
rCold   + . .      Faith    .   c - +0 buckler
rNeg    + + .      Spirit   .   q - +2 ring mail {rN+}
rPois   .          Reflect  .   (no helmet)
rElec   .          Harm     .   (no cloak)
rCorr   .          Rampage  .   (no gloves)
Will    .....                   (no boots)
Stlth   +.........              (no amulet)
HPRegen 0.21/turn               n - ring of protection from cold
MPRegen 0.12/turn               g - ring of positive energy

@: slowed, very slow
A: high MP 1, forlorn, divine attributes
a: no special abilities


You were on level 7 of the Dungeon.
You visited 1 branch of the dungeon, and saw 8 of its levels.

You collected 273 gold pieces.

Inventory:

Hand Weapons
 a - a +1 war axe (weapon)
 u - the +3 mace of Mehargh {drain, rElec Str+7 Dex-5 Stlth+}
   (You found it on level 4 of the Dungeon)

   A truly terrible weapon, it drains the life of any living foe it strikes.
   Str:       It affects your strength (+7).
   Dex:       It affects your dexterity (-5).
   rElec:     It insulates you from electricity.
   Stlth:     It makes you more stealthy.
Missiles
 b - 12 curare-tipped darts (quivered)
 i - 11 poisoned darts
Armour
 c - a +0 buckler (worn)
 q - a +2 ring mail of positive energy (worn)
Jewellery
 g - a ring of positive energy (right hand)
 n - a ring of protection from cold (left hand)
 p - an amulet of magic regeneration
 w - the ring of Zebbefal {rCorr EV+4 Str+7 Int-4 SInv}
   (You found it on level 5 of the Dungeon)

   [ring of evasion]

   EV:        It affects your evasion (+4).
   Str:       It affects your strength (+7).
   Int:       It affects your intelligence (-4).
   SInv:      It lets you see invisible.
   rCorr:     It protects you from acid and corrosion.
Wands
 v - a wand of digging (6)
Scrolls
 f - a scroll of enchant weapon
 j - a scroll of holy word {unknown}
 k - 2 scrolls of blinking {unknown}
 l - a scroll of fear {unknown}
 m - a scroll of noise {unknown}
 o - 6 scrolls of identify {unknown}
 r - a scroll of amnesia {unknown}
 x - a scroll of magic mapping {unknown}
 y - a scroll of teleportation {unknown}
Potions
 d - 2 potions of might
 e - a potion of degeneration {unknown}
 h - a potion of invisibility
 s - a potion of curing {unknown}
 t - a potion of flight {unknown}
 z - a potion of attraction {unknown}


   Skills:
 + Level 4.7 Fighting
 * Level 5.8 Axes
 + Level 3.4 Throwing
 + Level 4.6 Armour
 + Level 3.6 Dodging
 + Level 4.7 Shields


You had 7 spell levels left.
You didn't know any spells.
Your spell library contained the following spells:

 Spells                   Type           Power      Damage    Failure   Level
 Call Canine Familiar     Summ           0%         N/A       91%         3
 Dazzling Flash           Conj/Hex       0%         N/A       91%         3
 Portal Projectile        Hex/Tloc       0%         N/A       91%         3
 Iskenderun's Mystic Bla  Conj/Tloc      0%         2d3       100%        4
 Leda's Liquefaction      Hex/Erth       0%         N/A       100%        4
 Starburst                Conj/Fire      0%         6d3       100%        6


Dungeon Overview and Level Annotations

Branches:
Dungeon (8/15)
 Temple: D:4-7         Lair: D:8-11


Innate Abilities, Weirdness & Mutations

You have an increased reservoir of magic. (+10% MP)
You shall have no god before yourself.
Your divine heritage dramatically boosts your attributes as you level up.


Message History

A white imp comes into view.
You block the wraith's attack. The white imp hits you.
The white imp freezes you. You resist.
You slash the wraith!
You destroy the wraith!
You slash the white imp!
You kill the white imp!
Unknown command.
A howler monkey and a troll come into view.
The howler monkey howls!
The troll shouts!
You hear an angry buzzing noise.
The howler monkey hoots and howls with incredible vigour!
You hear an angry hiss. x2; You hear a shout! x2
You block the orc wizard's attack.
The howler monkey hoots and howls with incredible vigour!
An iguana comes into view.
The orc wizard casts a spell at you. The puff of flame hits you!
You hear a shout!
You hear an angry hiss.
You hear a shout! x3
You slash the orc wizard!
The orc wizard is almost dead.
You hit the troll but do no damage.
A slime creature comes into view.
An acid dragon comes into view.
The orc wizard hits you but does no damage.
The howler monkey hoots and howls with incredible vigour!
The troll bites you. The troll completely misses you.
The troll barely misses you. The orc wizard barely misses you.
The troll bites you. The troll claws you!
* * * LOW HITPOINT WARNING * * *
You block the troll's attack.
You hear an angry hiss.
You hear a loud, deep croak!
Unknown command.
As you read the scroll labelled JOISOAN TUMI, it crumbles to dust.
It is a scroll of enchant weapon.
Your +0 war axe glows red for a moment.
The orc wizard casts a spell at you. The puff of flame misses you.
The puff of flame hits the troll.
The troll bites you but does no damage. The troll claws you!
* * * LOW HITPOINT WARNING * * *
The troll claws you!
You die...

##...##..#.##.
#..#..##.#.#.#
##.#.#.##..##.
#...#...##.#.#
##..#.#..####.
#..#.#.#..#
##.........#
#o#.#######.#
#@##.. #.# #T#
.## .# #J# #.


Dh. .. .###. #o# ## ## .. You could see a slime creature, a troll, an acid
dragon, a howler monkey and an orc wizard.

Vanquished Creatures
  Grinder (D:5)
  Sigmund (D:5)
  A shadow (D:5)
  A wraith (D:7)
  A centaur (D:7)
  A phantom (D:5)
  3 kobold brigands
  2 scorpions
  A jelly (D:5)
  2 hounds
  A bullfrog zombie (D:5)
  An orc priest (D:5)
  2 bullfrog skeletons
  A gnoll shaman (D:5)
  2 iguanas (D:5)
  Ijyb (D:4)
  An orc wizard (D:5)
  A hound zombie (D:5)
  A hound skeleton (D:4)
  8 gnolls
  4 adders
  2 white imps
  An adder skeleton (D:4)
  3 dart slugs
  15 orcs
  4 bats
  8 endoplasms
  6 giant cockroaches
  2 goblins
  11 hobgoblins
  5 jackals
  4 quokkas
  10 ball pythons
  A frilled lizard (D:3)
  16 kobolds
  10 rats
135 creatures vanquished.

Notes
Turn   | Place    | Note
-------+----------+-------------------------------------------
     0 | D:1      | Hasart the Demigod Fighter began the quest for the Orb.
     0 | D:1      | Reached XP level 1. HP: 18/18 MP: 3/3
   119 | D:1      | Reached skill level 2 in Axes
   315 | D:1      | Reached XP level 2. HP: 25/25 MP: 4/4
   650 | D:1      | Reached XP level 3. HP: 20/30 MP: 5/5
  1796 | D:2      | Reached skill level 1 in Dodging
  2473 | D:3      | Reached XP level 4. HP: 29/37 MP: 6/6
  2961 | D:3      | Reached skill level 3 in Axes
  3173 | D:3      | Reached skill level 1 in Throwing
  3408 | D:4      | Reached XP level 5. HP: 45/45 MP: 7/7
  3843 | D:4      | Identified the +3 mace of Mehargh {drain, rElec Str+7 Dex-5
                  | Stlth+}
  3907 | D:4      | Noticed Ijyb
  3924 | D:4      | Killed Ijyb
  4018 | D:4      | Reached XP level 6. HP: 46/51 MP: 8/8
  4110 | D:5      | Entered Level 5 of the Dungeon
  4221 | D:5      | Noticed Grinder
  4224 | D:5      | Paralysed by Grinder for 3 turns
  4234 | D:5      | Paralysed by Grinder for 4 turns
  4239 | D:5      | Killed Grinder
  4240 | D:5      | Reached skill level 4 in Axes
  4442 | D:5      | Reached XP level 7. HP: 38/58 MP: 9/9
  4563 | D:5      | Identified the ring of Zebbefal {rCorr EV+4 Str+7 Int-4
                  | SInv}
  5543 | D:5      | Noticed a shadow
  5549 | D:5      | Killed a shadow
  5550 | D:5      | Reached skill level 5 in Axes
  5672 | D:5      | Noticed Sigmund
  5682 | D:5      | Killed Sigmund
  5683 | D:5      | Reached XP level 8. HP: 52/66 MP: 10/10
  6833 | D:6      | You fall into a shaft and drop 2 floors!
  6908 | D:7      | Noticed a troll
  6910 | D:7      | Noticed a slime creature
  6911 | D:7      | Slain by a troll

Illustrated notes

Levels and vault maps discovered:
D:1:      scummos_arrival_simple_crosswalls, layout_loops_corners,
          chequers_serial_rivers_small_b, bh_walls_and_bars
D:2:      layout_loops_ring
D:3:      layout_rooms, hellmonk_ecumenical_altar_arch_garden,
          grunt_ministairs_2
D:4:      layout_rooms, uniq_ijyb
D:5:      cheibrodos_thug_alley, layout_basic, minmay_between, uniq_grinder,
          uniq_sigmund
D:6:      layout_cave_pools, tgw_sif, solitary_fountain,
          eino_small_chamber_without_monster, uniq_menkaure,
          uniq_crazy_yiuf_cottage, uniq_eustachio, uniq_prince_ribbit1,
          uniq_blork_the_orc, uniq_maggie
D:7:      minmay_the_grid_triangle_9x9_rhombus_thin
          [minmay_the_grid_triangle_9x9_semitri,
          minmay_the_grid_triangle_9x9_prize_special,
          minmay_the_grid_triangle_9x9_longest,
          minmay_the_grid_triangle_9x9_limited_checkers], layout_basic,
          minmay_temple_entry_enclosed_plants, lightli_bailey_entry_fortress,
          nicolae_ossuary_entry_giza
D:8:      cheibrodos_fzero, layout_cave_pools, grunt_temple_overflow_holy_war,
          serial_shops, nicolae_shop_temple_entry_statues_fountains, uniq_joseph

Skill      XL: |  1  2  3  4  5  6  7  8 |
---------------+-------------------------+-----
Axes           | 2 3 4 5 |  5.8
Fighting       | 3 4 |  4.7
Armour         | 3 4 |  4.6
Shields        | 3 4 |  4.7
Dodging        | 1 2 3 |  3.6
Throwing       | 1 2 3 |  3.4

Action                   |  1- 3 |  4- 6 |  7- 9 || total
-------------------------+-------+-------+-------++-------
Melee: War axe           |   147 |   145 |   158 ||   450
Throw: Dart              |       |    13 |     5 ||    18
  Use: Scroll            |       |       |     1 ||     1
Armor: Scale mail        |    50 |       |       ||    50
       Chain mail        |    28 |    23 |       ||    51
       Ring mail         |       |    52 |    53 ||   105
Dodge: Dodged            |    71 |    84 |    66 ||   221
Block: Buckler           |    37 |    34 |    53 ||   124
